 Dungeon Crawl Stone Soup version 0.31-a0-851-g7ff8af7976 (webtiles) character file.

Game seed: 5492974106453976556

64 pokeman the Magician (level 3, -3/20 HPs)
             Began as a Deep Elf Hedge Wizard on Oct 6, 2023.
             Slain by Robin
             ... wielding a +4 vampiric whip
              (8 damage)
             ... on level 2 of the Dungeon.
             The game lasted 00:03:08 (2290 turns).

pokeman the Magician (Deep Elf Hedge Wizard)        Turns: 2290, Time: 00:03:09

Health: -3/20      AC:  2    Str:  7    XL:     3   Next: 91%
Magic:  1/11       EV: 12    Int: 20    God:
Gold:   41         SH:  0    Dex: 14    Spells: 4/12 levels left

rFire   . . .        a - +0 dagger
rCold   . . .        (no shield)
rNeg    . . .        b - +0 robe
rPois   .            c - +0 hat
rElec   .            (no cloak)
rCorr   .            (no gloves)
SInv    .            (no boots)
Will    .....        (no amulet)
Stlth   ++           (no ring)
HPRegen 0.23/turn    (no ring)
MPRegen 0.12/turn

%: no passive effects
@: no status effects
A: no striking features
a: no special abilities


You were on level 2 of the Dungeon.
You visited 1 branch of the dungeon, and saw 2 of its levels.

You collected 41 gold pieces.

Inventory:

Hand Weapons
 a - a +0 dagger (weapon)
Armour
 b - a +0 robe (worn)
 c - a +0 hat (worn)
 g - a +0 buckler
Scrolls
 e - a scroll of acquirement {unknown}
 f - a scroll of revelation {unknown}
 i - a scroll of fear {unknown}
 k - a scroll of vulnerability {unknown}
 l - a scroll of poison {unknown}
 m - a scroll of immolation {unknown}
 n - a scroll of noise {unknown}
 p - a scroll of fog {unknown}
 q - a scroll of enchant armour {unknown}
Potions
 d - a potion of magic
 h - a potion of might {unknown}
 j - a potion of heal wounds {unknown}
 o - a potion of enlightenment {unknown}
 r - a potion of mutation {unknown}
 s - a potion of curing {unknown}
 t - a potion of haste {unknown}


   Skills:
 - Level 1.0 Fighting
 - Level 1.0 Armour
 + Level 2.6 Dodging
 - Level 2.4 Stealth
 + Level 0.1 Shields
 * Level 5.4 Spellcasting
 + Level 2.0 Conjurations
 - Level 1.1 Summonings
 - Level 1.1 Translocations


You had 4 spell levels left.
You knew the following spells:

 Your Spells              Type           Power      Damage    Failure   Level
a - Magic Dart            Conj           52%        1d5       4%          1
b - Mephitic Cloud        Conj/Pois/Air  8%         N/A       26%         3
c - Call Imp              Summ           18%        N/A       11%         2
d - Blink                 Tloc           18%        N/A       11%         2

Your spell library contained the following spells:

 Spells                   Type           Power      Damage    Failure   Level
 Kiss of Death            Conj/Necr      36%        2d8       8%          1
 Slow                     Hex            20%        N/A       11%         1
 Cigotuvi's Dreadful Rot  Necr/Pois/Air  10%        N/A       17%         2
 Confusing Touch          Hex            5%         N/A       32%         3
 Manifold Assault         Tloc           9%         N/A       56%         4
 Dispel Undead            Necr           5%         3d7       73%         4
 Dispersal                Tloc           4%         N/A       100%        6
 Disjunction              Tloc           4%         N/A       100%        8


Dungeon Overview and Level Annotations

Branches:
Dungeon (2/15)

Altars:
Cheibriados

Shops:
D:2 ?!?

Annotations:
D:2 1 runed translucent door, Crazy Yiuf, Robin


Message History

Robin is engulfed in noxious fumes.
Robin appears confused.
You feel less confused.
You hit Robin.
Robin is lightly wounded.
Robin hits themself but does no damage.
Items here: ( ))) †††.
Items here: )))) †††.
Found a hammer.
Found a runed translucent door.
You start resting.
Crazy Yiuf shouts!
Crazy Yiuf laughs, "Powder!"
Robin is nearby!
Casting: Mephitic Cloud (extremely dangerous; 26% risk of failure)
Confirm with . or Enter, or press ? or * to list all spells.
Aiming: Mephitic Cloud (extremely dangerous; 26% risk of failure)
Press: ? - help, Shift-Dir - straight line, f/p - Robin
Aim: Robin, wielding a +4 vampiric whip, wearing a +0 animal skin and wearing a +0 helmet (lightly wounded, wandering, hasn't noticed you, chance to affect: 91%)
The ball explodes into a vile cloud!
The stinking cloud engulfs Robin but does no damage.
Robin is lightly wounded.
The stinking cloud engulfs you but does no damage.
Robin is engulfed in noxious fumes.
Robin appears confused.
Robin hits themself with a +4 vampiric whip.
Robin is healed.
Unknown command.
You hit Robin but do no damage.
Robin is moderately wounded.
Robin is engulfed in noxious fumes.
Robin appears confused.
Robin hits you with a +4 vampiric whip.
* * * LOW HITPOINT WARNING * * *
Robin draws strength from your wounds!
Robin hits themself with a +4 vampiric whip.
Robin is healed.
You barely miss Robin.
Robin is lightly wounded.
You hit Robin.
Robin is lightly wounded.
Robin is engulfed in noxious fumes.
Robin appears confused.
Robin hits you with a +4 vampiric whip!
You die...

#.................##.#
#......
#..............(...#.#
####....##
#...........###....###
#.........
............# ##).##
#..).)....
............# ♣..).♣
##.........
#.......##.## ♣...♣♣
#.....#####
#####.####.# ♣♣.♣♣
#.....# #..).#.# ♣g♣♣
#.....#####
########.g.## ♣♣@♣
#.........#
............# ♣.♣
#.....#.#..
#.........#.# ♣♣.
#..........
#.........### +#
#..........
#.........# ..
#####.._..#
#...÷.....### ..#
#####.....#
'...........# .)#
#.........#
#.........### ###
#.......#.#
###########
####....#.#


You could see Robin (confused).

Vanquished Creatures
  2 adders (D:2)
  4 ball pythons
  2 endoplasms
  A giant cockroach (D:1)
  7 hobgoblins (D:2)
  A quokka (D:1)
  2 bats (D:1)
  3 frilled lizards
  10 goblins (D:2)
  5 kobolds
  6 rats (D:2)
43 creatures vanquished.

Notes
Turn   | Place    | Note
-------+----------+-------------------------------------------
     0 | D:1      | pokeman the Deep Elf Hedge Wizard began the quest for the
                  | Orb.
     0 | D:1      | Reached XP level 1. HP: 10/10 MP: 7/7
   598 | D:1      | Reached XP level 2. HP: 16/16 MP: 5/9
  1131 | D:2      | Noticed Robin
  1178 | D:2      | Found a snail-covered altar of Cheibriados.
  1181 | D:2      | Reached skill level 5 in Spellcasting
  1214 | D:2      | Reached XP level 3. HP: 16/20 MP: 3/11
  1218 | D:2      | Learned a level 3 spell: Mephitic Cloud
  1221 | D:2      | Learned a level 2 spell: Call Imp
  1224 | D:2      | Learned a level 2 spell: Blink
  1611 | D:2      | Reached skill level 1 in Fighting
  1916 | D:2      | Found Sunapes's Magic Scroll Emporium.
  2039 | D:2      | Found Ufoikues's Distillery.
  2072 | D:2      | Found Zysouwo's Magic Scroll Emporium.
  2105 | D:2      | Reached skill level 1 in Armour
  2252 | D:2      | HP: 1/20 [Robin/+4 vampiric whip (6)]
  2278 | D:2      | Found a runed translucent door.
  2279 | D:2      | Noticed Crazy Yiuf
  2290 | D:2      | Slain by Robin

Illustrated notes

Levels and vault maps discovered:
D:1:      wander_arrival_peaceful_grave, layout_loops_corners
D:2:      layout_basic, serial_shops, shop, shop, nicolae_shop_window_shopping,
          nicolae_shop_crystal, basic_altar, uniq_crazy_yiuf_cottage, uniq_robin

Skill      XL: |  1  2  3 |
---------------+----------+-----
Spellcasting   | 5 |  5.4
Fighting       | 1 |  1.0
Armour         | 1 |  1.0
Conjurations   | 2 |  2.0
Dodging        | |  2.6
Stealth        | |  2.4
Shields        | |  0.1
Summonings     | |  1.1
Translocations | |  1.1

Action                     || total
---------------------------++-------
  Melee: Dagger            ||    31
   Cast: Magic Dart        ||    98
         Mephitic Cloud    ||     3
 Armour: Robe              ||    30
  Dodge: Dodged            ||    20

Table legend: (Time is in decaauts)
 A = Elapsed time spent in this place.
 B = Non-inter-level travel time spent in this place.
 C = Inter-level travel time spent in this place.
 D = Time resting spent in this place.
 E = Time spent auto-exploring this place.
 F = Levels seen in this place.
 G = Mean time per level.
                   A        B        C        D        E       F      G
               +--------+--------+--------+--------+--------+-----+--------+
         Total |   2290 |   2246 |     44 |     84 |   1875 |   2 | 1145.0 |
       Dungeon |   2290 |   2246 |     44 |     84 |   1875 |   2 | 1145.0 |
               +--------+--------+--------+--------+--------+-----+--------+

Top non-repeatable levels by time:
     D:2: 1155 daAuts
     D:1: 1134 daAuts
